 Dungeon Crawl Stone Soup version 0.22-a0-406-g9ff8d77 (webtiles) character file.

11 dstrtnsr the Chopper (level 2, -4/40 HPs)
             Began as a Minotaur Berserker on May 9, 2018.
             Was a Follower of Trog.
             Slain by Natasha (6 damage)
             ... on level 2 of the Dungeon.
             The game lasted 00:00:12 (65 turns).

dstrtnsr the Chopper (Minotaur Berserker)             Turns: 65, Time: 00:00:13

Health: -4/40      AC:  2    Str: 26    XL:     2   Next: 13%
Magic:  1/1        EV: 12    Int:  4    God:    Trog [*.....]
Gold:   17         SH:  0    Dex:  9    Spells: 1/1 levels left

rFire    . . .     SeeInvis .   a - +0 hand axe
rCold    . . .     Gourm    .   (no shield)
rNeg     . . .     Faith    .   b - +0 animal skin
rPois    .         Spirit   .   (helmet restricted)
rElec    .         Reflect  .   (no cloak)
rCorr    .         Harm     .   (no gloves)
MR       .....                  (no boots)
Stlth    ..........             (no amulet)
HPRegen  0.13/turn              (no ring)
MPRegen  0.07/turn              (no ring)

@: berserking, lethally poisoned (-4 -> -9), very quick
A: retaliatory headbutt, horns 2
a: Berserk, Renounce Religion


You were on level 2 of the Dungeon.
You worshipped Trog.
Trog was aware of your devotion.
You were not hungry.

You visited 1 branch of the dungeon, and saw 2 of its levels.

You collected 17 gold pieces.

Inventory:

Hand Weapons
 a - a +0 hand axe (weapon)
Armour
 b - a +0 animal skin (worn)
Scrolls
 c - a scroll of fog {unknown}
Comestibles
 e - 2 rations {!d}


   Skills:
 + Level 3.9 Fighting
 * Level 4.2 Axes
 - Level 2.4 Armour
 - Level 2.1 Dodging


You had one spell level left.
You didn't know any spells.

Dungeon Overview and Level Annotations

Branches:
Dungeon (2/15)

Altars:

Annotations:
D:2 Natasha


Innate Abilities, Weirdness & Mutations

You reflexively headbutt those who attack you in melee.
You have a pair of horns on your head.


Message History

e - a ration Welcome, dstrtnsr the Minotaur Berserker.
Will you be the one to retrieve the fabulous Orb of Zot from the depths?
Trog says: Kill them all!
Press ? for a list of commands and other information.
Found 17 gold pieces and a scroll labeled ODOHUM UTWUZ.
Found a staircase leading out of the dungeon.
You now have 17 gold pieces.
c - a scroll labeled ODOHUM UTWUZ
Found an escape hatch in the floor.
e - 2 rations {!d} (gained 1)
A bat comes into view.
A bat is nearby!
A bat is nearby!
A bat is nearby!
A bat is nearby!
A bat is nearby!
You closely miss the bat. Your headbutt misses the bat.
The bat barely misses you. The bat closely misses you.
The bat hits you but does no damage. The bat closely misses you.
The bat closely misses you. The bat hits you. The bat closely misses you.
You furiously retaliate!
You headbutt the bat!
You kill the bat!
Trog accepts your kill.
There is an escape hatch in the floor here.
You slide downwards.
The hatch slams shut behind you.
A hobgoblin comes into view. It is wielding a club.
The hobgoblin shouts!
You hear an angry hiss.
Found 21 arrows, 3 gold pieces, a pair of boots and a fizzy silvery potion.
Unknown command.
An adder and Natasha come into view.
You see here 21 arrows.
Natasha hisses angrily.
The adder bites you.
You are poisoned.
The adder poisons you!
Found a silvery potion.
You hit the adder.
The adder is lightly wounded.
You feel sick. The adder closely misses you.
Natasha casts a spell.
The adder bites you.
You hit the adder. Your headbutt misses the adder.
The adder is severely wounded.
You barely miss the hobgoblin.
You feel sick. The hobgoblin misses you. You furiously retaliate!
You headbutt the hobgoblin!
You kill the hobgoblin!
Trog accepts your kill. The adder bites you.
You closely miss the adder.
The adder is severely wounded.
The adder misses you. The adder barely misses you.
You barely miss the adder.
The adder is severely wounded.
You closely miss Natasha.
You feel sick. The adder bites you.
You are more poisoned.
The adder poisons you! Natasha barely misses you.
A red film seems to cover your vision as you go berserk!
You feel yourself moving faster!
You feel mighty!
You feel a lot more hungry. The adder bites you but does no damage.
Natasha claws you.
You closely miss the adder.
The adder is severely wounded.
You barely miss Natasha.
You feel sick. The adder bites you. Natasha claws you!
* * * LOW HITPOINT WARNING * * *
You are too injured to fight recklessly!
You are too injured to fight recklessly!
You are too injured to fight recklessly!
You are too injured to fight recklessly!
You barely miss Natasha. You headbutt Natasha!
Natasha is severely wounded.
You hit the adder.
You kill the adder!
Trog accepts your kill.
Your Axes skill increases to level 4!
You have reached level 2!
You hit the crimson imp. The crimson imp hits you.
* * * LOW HITPOINT WARNING * * *
You barely miss Natasha. Your headbutt misses Natasha.
Natasha is severely wounded.
You closely miss the crimson imp.
* * * LOW HITPOINT WARNING * * *
You feel sick.
Natasha mumbles some strange words.
Unknown command.
You barely miss Natasha. You headbutt Natasha.
Natasha is almost dead.
You barely miss the crimson imp. The crimson imp misses you. Natasha claws you.
You die...

#...#...#.
.####............
!.!..............
................
.....[..5..$...
#..........#
#.#.5h#...#
#...†@...#
#..###(.## # #..#
#.....# ...###.#
#..## # #.. #..
...


You could see Natasha and 2 crimson imps.

Vanquished Creatures
  An adder (D:2)
  A hobgoblin (D:2)
  A bat (D:1)
3 creatures vanquished.

Notes
Turn   | Place    | Note
-------+----------+-------------------------------------------
     0 | D:1      | dstrtnsr the Minotaur Berserker began the quest for the Orb.
     0 | D:1      | Reached XP level 1. HP: 19/19 MP: 0/0
    55 | D:2      | Noticed Natasha
    58 | D:2      | Noticed a crimson imp
    62 | D:2      | HP: 11/30 [adder (2)]
    62 | D:2      | HP: 4/30 [Natasha (7)]
    63 | D:2      | Reached skill level 4 in Axes
    63 | D:2      | Reached XP level 2. HP: 6/27 MP: 1/1
    65 | D:2      | Noticed a crimson imp
    65 | D:2      | Slain by Natasha

Vault maps used:
D:1:      scummos_arrival_star, minmay_misc_feat_pillars, minmay_misc_feat_tower
D:2:      lemuel_doored_altar, chequers_ecumenical_altar_simple, uniq_natasha

Skill      XL: |  1 |
---------------+----+-----
Axes           | 4 |  4.2
Fighting       | |  3.9
Armour         | |  2.4
Dodging        | |  2.1

Action                   || total
-------------------------++-------
Melee: Hand axe          ||     9
       Headbutt          ||     2
Invok: Berserk           ||     1
Armor: Animal skin       ||     2
Dodge: Dodged            ||    11

Table legend:
 A = Spawn XP
 B = Non-spawn XP
 C = Spawn XP percentage of total XP
 D = Spawn monster count
 E = Non-spawn monster count
 F = Spawn count percentage of total count
 G = Total turns spent on level
                    A         B        C        D         E        F      G
               +---------+---------+-------+---------+---------+-------+---------
         Total |       0 |      16 |   0.0 |       0 |       3 |   0.0 |    65
               +---------+---------+-------+---------+---------+-------+---------
           D:1 |       0 |       1 |   0.0 |       0 |       1 |   0.0 |    53
           D:2 |       0 |      15 |   0.0 |       0 |       2 |   0.0 |    12
               +---------+---------+-------+---------+---------+-------+---------
